 Dungeon Crawl Stone Soup version 0.15-a0-348-gfef1ba5 (webtiles) character file.

60069 Froboctopus the Conjurer (level 14, -4/93 HPs)
             Began as a Yellow Draconian Conjurer on Apr 30, 2014.
             Was a High Priest of Vehumet.
             Slain by a swamp worm (20 damage)
             ... on Level 8 of the Lair of Beasts on May 2, 2014.
             The game lasted 01:41:32 (21909 turns).

Froboctopus the Conjurer (DrCj)                    Turns: 21909, Time: 01:41:32

HP  -4/93        AC 13     Str 11      XL: 14   Next: 50%
MP   7/32        EV 12     Int 20      God: Vehumet [*****.]
Gold 1395        SH 12     Dex 12      Spells:  5 memorised, 16 levels left

rFire  + . .     SeeInvis .     n - +1,+3 trident (venom)
rCold  + . .     Clarity  .     (armour unavailable)
rNeg   . . .     Conserve .     z - +0 buckler
rPois  .         rCorr    +     x - +2 hat
rElec  .         rRot     .     f - +1 cloak
SustAb . .       Spirit   .     O - +0 pair of gloves
rMut   .         Warding  .     (no boots)
Saprov . . .     Stasis   .     (no amulet)
MR     +....                    E - ring of protection from cold
                                p - ring of protection from fire

@: repel missiles, very slightly contaminated, somewhat resistant to hostile
enchantments, unstealthy
A: spit acid, acid resistance, unfitting armour, acidic bite, AC +8
a: Spit Acid, Renounce Religion


You were on level 8 of the Lair of Beasts.
You worshipped Vehumet.
Vehumet was extremely pleased with you.
You were very hungry.

You visited 3 branches of the dungeon, and saw 20 of its levels.
You also visited: Ossuary and Ice Cave.

You collected 1442 gold pieces.
You spent 47 gold pieces at shops.

Inventory:

Hand weapons
 c - the +8,+5 dagger of Wuomoasy {stab, rC++}
   (You found it in an ice cave)

   It inflicts extra damage upon your enemies.
   It greatly protects you from cold.
 n - a +1,+3 trident of venom (weapon)
Armour
 f - a +1 cloak (worn)
 x - a +2 hat (worn)
 z - a +0 buckler (worn)
 O - a +0 pair of gloves (worn)
Magical devices
 q - a wand of lightning (8)
 B - a wand of cold (2)
 K - a wand of hasting (9)
 L - a wand of fire (1)
 M - a wand of disintegration (5)
Comestibles
 b - 2 bread rations
 t - a cheese
 G - 2 chokos
Scrolls
 e - 3 scrolls of blinking
 g - 12 scrolls of identify
 i - 5 scrolls of teleportation
 j - 5 scrolls of fog
 m - a scroll of enchant weapon I
 o - 6 scrolls of fear
 u - 7 scrolls of remove curse
Jewellery
 p - a ring of protection from fire (left hand)
 C - a +2 ring of protection
 E - a ring of protection from cold (right hand)
Potions
 a - 2 potions of brilliance
 d - a potion of agility
 h - 2 potions of magic
 k - a potion of flight
 l - 4 potions of restore abilities
 s - 7 potions of curing
 A - 6 potions of heal wounds
 D - 3 potions of berserk rage
 F - a potion of might
Magical staves
 w - a cursed staff of summoning
Rods
 y - a +1 rod of shadows (11/11)
   (You found it on level 5 of the Dungeon)


   Skills:
 - Level 1.9 Dodging
 - Level 1.7 Stealth
 - Level 7.7 Shields
 + Level 10.3 Spellcasting
 * Level 14.9 Conjurations
 - Level 11.4 Charms
 * Level 10.8 Fire Magic


You had 16 spell levels left.
You knew the following spells:

 Your Spells              Type           Power        Failure   Level  Hunger
a - Magic Dart            Conj           ####         0%          1    None
b - Iskenderun's Mystic   Conj           ######..     1%          4    ##.....
c - Iskenderun's Battles  Conj/Chrm      ######..     1%          5    ####...
d - Repel Missiles        Chrm/Air       ####..       1%          2    None
e - Fireball              Conj/Fire      ######....   1%          5    ####...


Dungeon Overview and Level Annotations

Branches:
Dungeon (11/15)            Temple (1/1) D:6             Orc (0/4) D:11
   Lair (8/8) D:11         Shoals (0/5) Lair:4       Spider (0/5) Lair:3
  Slime (0/6) Lair:8

Altars:
Ashenzari
Cheibriados
Dithmenos
Makhleb
Nemelex Xobeh
Okawaru
Trog
Vehumet
Xom
Zin
The Shining One
Jiyva

Shops:
D:6 *   D:7 ?   D:8 *

Annotations:
D:2 Sigmund
D:5 Infinimo's ghost, average MiDK


Innate Abilities, Weirdness & Mutations

You can spit globs of acid.
You can corrode armour when you spit acid.
You are resistant to acid.
Your golden yellow scales are hard (AC +8).
Your body does not fit into most forms of armour.
Your cold-blooded metabolism reacts poorly to cold.
You have acidic saliva.


Message History

The plant is severely damaged.
You are feeling very hungry.
The five-headed hydra bites you.
* * * LOW HITPOINT WARNING * * *
The five-headed hydra bites you!
* * * LOW HITPOINT WARNING * * *
The five-headed hydra closely misses you.
You block the five-headed hydra's attack. x2
Unknown command.
Unknown command.
Unknown command.
Read which item? (? for menu, Esc to quit)
Blink to where?
Press: ? - help, Dir - move target cursor, p - five-headed hydra
As you read the scroll of blinking, it crumbles to dust.
You are very lightly contaminated with residual magic.
A water moccasin comes into view.
The water moccasin hisses angrily.
The swamp worm bites you!
You die...

≈≈≈≈≈.... #PPP..#
≈≈≈≈≈.# #PP...#
####≈≈≈. ####..###
≈≈≈#P≈≈# ##.##.P#
w≈≈≈≈≈≈###.#.%.P#
#≈{≈..#.#....##
≈#######≈≈{....%.....#
≈≈w≈≈≈≈≈≈w..%.....####
.≈#≈≈≈≈≈{{..@####.###
P..#≈S.........# ###
..PP..S.........#
..PPP.........D..#
♣..P...........P.#
♣♣............PPP.##
♣..........♣...P..P#
♣..P.......♣..#PP.##
♣.............#PP.#


You could see a five-headed hydra, 2 swamp worms and a water moccasin.

Vanquished Creatures
  A frost giant (IceCv)
  Gastronok (Lair:1)
  The ghost of Elizilla the Grappler, a powerful TrMo of Dithmenos (Lair:5)
  Snorg (Lair:7)
  Fannar (Lair:1)
  The ghost of tabulaattori the Arsonist, a powerful OpFE of Ashenzari (IceCv)
  Harold (Lair:4)
  4 hydras
  4 death yaks
  Nergalle (Lair:1)
  An unseen horror (D:10)
  An ice statue (IceCv)
  4 hill giants
  3 griffons
  3 elephants (Lair:5)
  5 black mambas
  10 spiny frogs
  2 komodo dragons
  A fire drake (Lair:7)
  A hydra zombie (D:8)
  2 trolls (D:9)
  An iron devil (D:7)
  28 blink frogs
  A two-headed ogre (D:11)
  18 polar bears
  4 wandering mushrooms (Lair:5)
  A slime creature (D:11)
  A boulder beetle (Lair:7)
  A spriggan (Lair:5)
  4 basilisks
  A wyvern (D:7)
  Eustachio (D:10)
  A steam dragon (D:10)
  45 yaks
  A centaur simulacrum (D:11)
  24 wolves
  9 hippogriffs
  3 ugly things (D:11)
  2 swamp worms (Lair:8)
  3 wargs (D:11)
  2 necrophages
  15 water moccasins
  4 black bears
  3 ice beasts (D:10)
  3 orc warriors
  12 porcupines
  2 phantoms
  A sky beast (D:6)
  3 ogres
  9 centaurs
  A boring beetle (Lair:7)
  Duvessa (D:5)
  3 big kobolds
  12 giant slugs
  12 crocodiles
  A gnoll sergeant (D:11)
  14 giant frogs
  5 elf zombies (Ossuary)
  Blork the orc (D:5)
  5 scorpions
  A cyclops zombie (D:11)
  3 killer bees (D:10)
  An eye of draining (D:10)
  4 wights (D:8)
  3 goliath beetles
  Dowan (D:5)
  A quasit (D:8)
  3 electric eels (Lair:6)
  5 centaur zombies
  A jelly (D:11)
  8 hounds
  2 big fish
  3 crimson imps
  3 human zombies (Ossuary)
  6 orc wizards
  2 orc priests
  A two-headed ogre skeleton (D:9)
  3 worker ants
  5 iguanas
  3 orange rats (Lair:7)
  37 sheep
  3 mummies (Ossuary)
  26 adders
  7 gnolls
  28 green rats
  2 giant mites
  2 shadow imps
  8 worms
  8 giant geckos
  An ooze (D:1)
  27 orcs
  29 bats
  A bat zombie (D:5)
  8 giant cockroaches
  11 hobgoblins
  29 jackals
  12 quokkas
  2 ball pythons
  A giant gecko skeleton (D:4)
  4 giant newts
  3 giant spores
  13 goblins
  A goblin skeleton (D:4)
  A goblin zombie (D:5)
  29 kobolds
  A quokka skeleton (D:7)
  35 rats
  A rat zombie (D:5)
  5 ballistomycetes (D:9)
  4 fungi
  A plant (Lair:8)
706 creatures vanquished.

Vanquished Creatures (collateral kills)
  2 death yaks (IceCv)
2 creatures vanquished.

Vanquished Creatures (others)
  A polar bear (IceCv)
  3 yaks (IceCv)
  An orc wizard (D:7)
  A green rat (Lair:7)
  An adder (D:9)
  4 ballistomycetes (D:9)
  8 fungi
  3 plants
22 creatures vanquished.

Grand Total: 730 creatures vanquished

Notes
Turn   | Place    | Note
--------------------------------------------------------------
     0 | D:1      | Froboctopus, the Draconian Conjurer, began the quest for the Orb.
     0 | D:1      | Reached XP level 1. HP: 14/14 MP: 3/3
     0 | D:1      | Upgraded the game from 0.15-a0-306-g5a3139e to 0.15-a0-335-g04a2ae6
   246 | D:1      | Reached XP level 2. HP: 18/20 MP: 0/4
   803 | D:2      | Reached XP level 3. HP: 13/26 MP: 0/6
  1525 | D:2      | Reached skill level 5 in Conjurations
  1525 | D:2      | Reached XP level 4. HP: 33/33 MP: 4/8
  1607 | D:2      | Noticed Sigmund
  1614 | D:2      | Learned a level 4 spell: Iskenderun's Mystic Blast
  2186 | D:3      | Found a bloodstained altar of Trog.
  2293 | D:3      | Reached XP level 5. HP: 33/38 MP: 8/11
  2660 | D:4      | Learned a level 5 spell: Iskenderun's Battlesphere
  2771 | D:4      | Reached skill level 1 in Charms
  2965 | D:4      | Noticed an ogre
  2970 | D:4      | Killed an ogre
  2970 | D:4      | Reached skill level 6 in Conjurations
  2970 | D:4      | Reached XP level 6. HP: 41/45 MP: 2/14
  3059 | D:4      | You fall through a shaft!
  3059 | D:5      | Entered Level 5 of the Dungeon
  3059 | D:5      | Noticed Duvessa
  3064 | D:5      | Noticed Dowan
  3079 | D:5      | Killed Duvessa
  3079 | D:5      | Killed Dowan
  3118 | D:5      | Noticed Blork the orc
  3132 | D:5      | Killed Blork the orc
  3324 | D:5      | Your scales start taking on a golden yellow colour.
  3324 | D:5      | Reached XP level 7. HP: 50/50 MP: 11/17
  3423 | D:5      | Noticed Infinimo's ghost (average MiDK)
  3528 | D:4      | Noticed a phantom
  3582 | D:4      | Killed a phantom
  3786 | D:4      | Noticed a necrophage
  3793 | D:4      | Killed a necrophage
  3793 | D:4      | Reached skill level 7 in Conjurations
  3970 | D:5      | Identified a +1 rod of shadows (11/11) (You found it on level 5 of the Dungeon)
  4203 | D:6      | Found a burning altar of Makhleb.
  4204 | D:6      | Found Necep's General Store.
  4219 | D:6      | Reached XP level 8. HP: 57/57 MP: 11/19
  4231 | D:6      | Found a staircase to the Ecumenical Temple.
  4252 | Temple   | Entered the Ecumenical Temple
  4265 | Temple   | Became a worshipper of Vehumet
  4526 | D:6      | Reached skill level 5 in Spellcasting
  4654 | D:6      | Bought a potion of poison for 14 gold pieces
  4726 | D:7      | Reached skill level 8 in Conjurations
  4726 | D:7      | Reached skill level 5 in Charms
  4732 | D:7      | Noticed an iron devil
  4823 | D:7      | Killed an iron devil
  5113 | D:7      | Upgraded the game from 0.15-a0-335-g04a2ae6 to 0.15-a0-348-gfef1ba5
  5134 | D:7      | Reached XP level 9. HP: 62/62 MP: 12/22
  5602 | D:7      | Found Ygiheu Vifo's Magic Scroll Shop.
  5667 | D:8      | Found a sand-covered staircase.
  5670 | D:8      | Reached skill level 9 in Conjurations
  5687 | Ossuary  | Entered an ossuary
  5751 | Ossuary  | Acquired Vehumet's first power
  5751 | Ossuary  | Offered knowledge of Flame Tongue by Vehumet.
  6650 | D:8      | Offered knowledge of Sandblast by Vehumet.
  6764 | D:8      | Reached skill level 10 in Conjurations
  6774 | D:8      | Found Qigan's Assorted Antiques.
  6781 | D:8      | Bought a scroll labeled PSYLU MORGHA for 33 gold pieces
  7249 | D:8      | Reached XP level 10. HP: 69/69 MP: 9/24
  7558 | D:9      | Offered knowledge of Conjure Flame by Vehumet.
  7820 | D:9      | Acquired Vehumet's second power
  8101 | D:9      | Reached skill level 11 in Conjurations
  8107 | D:9      | Noticed a hill giant
  8113 | D:9      | Killed a hill giant
  8140 | D:9      | Learned a level 2 spell: Repel Missiles
  8345 | D:10     | Entered Level 10 of the Dungeon
  8372 | D:10     | Found a shimmering altar of Xom.
  8463 | D:10     | Offered knowledge of Inner Flame by Vehumet.
  8492 | D:10     | Noticed a hill giant
  8501 | D:10     | Killed a hill giant
  8600 | D:10     | Noticed a hill giant
  8615 | D:10     | Killed a hill giant
  8615 | D:10     | Reached XP level 11. HP: 37/74 MP: 14/27
  8723 | D:10     | Noticed Eustachio
  8727 | D:10     | Killed Eustachio
  8805 | D:10     | Noticed a hill giant
  8808 | D:10     | Killed a hill giant
  9111 | D:10     | Killed an unseen horror
  9545 | D:11     | Reached skill level 10 in Charms
  9547 | D:11     | Acquired Vehumet's third power
  9643 | D:11     | Found a staircase to the Lair.
  9707 | D:11     | Offered knowledge of Olgreb's Toxic Radiance by Vehumet.
  9887 | D:11     | Reached skill level 12 in Conjurations
  9948 | D:11     | Found a staircase to the Orcish Mines.
  9948 | D:11     | Noticed a six-headed hydra
  9977 | D:11     | Killed a six-headed hydra
 10172 | D:11     | Noticed a four-headed hydra
 10180 | D:11     | Killed a four-headed hydra
 10830 | Lair:1   | Entered Level 1 of the Lair of Beasts
 10984 | Lair:1   | Noticed Nergalle
 10991 | Lair:1   | Noticed Fannar
 10993 | Lair:1   | Killed Nergalle
 11020 | Lair:1   | Killed Fannar
 11211 | Lair:1   | Noticed Gastronok
 11224 | Lair:1   | Killed Gastronok
 11224 | Lair:1   | Reached XP level 12. HP: 28/81 MP: 8/29
 11347 | Lair:1   | Offered knowledge of Spellforged Servitor by Vehumet.
 11825 | Lair:2   | Reached skill level 13 in Conjurations
 11882 | Lair:2   | Noticed a seven-headed hydra
 12488 | Lair:2   | Reached skill level 1 in Shields
 13530 | Lair:3   | Killed a seven-headed hydra
 13586 | Lair:3   | Reached skill level 5 in Shields
 13698 | Lair:3   | Found a hole to the Spider Nest.
 14621 | Lair:4   | Found a staircase to the Shoals.
 14996 | Lair:4   | Noticed Harold
 15003 | Lair:4   | Killed Harold
 15046 | Lair:4   | Noticed an eight-headed hydra
 15050 | Lair:4   | Killed an eight-headed hydra
 15050 | Lair:4   | Reached skill level 10 in Spellcasting
 15521 | Lair:5   | Offered knowledge of Fireball by Vehumet.
 15531 | Lair:5   | Reached XP level 13. HP: 66/86 MP: 13/31
 15538 | Lair:5   | Learned a level 5 spell: Fireball
 15594 | Lair:5   | Reached skill level 1 in Fire Magic
 16436 | Lair:5   | Noticed Elizilla's ghost (powerful TrMo)
 16444 | Lair:5   | Killed Elizilla's ghost
 16716 | Lair:5   | Reached skill level 5 in Fire Magic
 17851 | Lair:7   | Found a frozen archway.
 17859 | Lair:7   | Offered knowledge of Lightning Bolt by Vehumet.
 17890 | IceCv    | Entered an ice cave
 18006 | IceCv    | Reached skill level 14 in Conjurations
 18479 | IceCv    | Noticed tabulaattori's ghost (powerful OpFE)
 18492 | IceCv    | Killed tabulaattori's ghost
 19100 | IceCv    | Got a bone dagger
 19101 | IceCv    | Identified the +8,+5 dagger of Wuomoasy {stab, rC++} (You found it in an ice cave)
 19142 | IceCv    | Gained mutation: You have acidic saliva. [draconian growth]
 19142 | IceCv    | Reached XP level 14. HP: 93/93 MP: 18/32
 19576 | IceCv    | Noticed a frost giant
 19740 | IceCv    | Killed a frost giant
 19952 | Lair:7   | Reached skill level 10 in Fire Magic
 20186 | Lair:7   | Offered knowledge of Venom Bolt by Vehumet.
 20970 | Lair:7   | Noticed Snorg
 20975 | Lair:7   | Killed Snorg
 21128 | Lair:8   | Entered Level 8 of the Lair of Beasts
 21867 | Lair:8   | Found a staircase to the Slime Pits.
 21868 | Lair:8   | Found a viscous altar of Jiyva.
 21909 | Lair:8   | Slain by a swamp worm

Action                   |  1- 3 |  4- 6 |  7- 9 | 10-12 | 13-15 || total
-------------------------+-------+-------+-------+-------+-------++-------
Melee: Unarmed           |    22 |       |       |       |       ||    22
       Dagger            |    59 |     7 |       |       |       ||    66
       Trident           |       |    56 |   221 |   274 |   192 ||   743
 Cast: Magic Dart        |    70 |   103 |   203 |   400 |   307 ||  1083
       Iskenderun's Myst |       |     8 |    59 |    92 |   133 ||   292
       Iskenderun's Batt |       |       |     8 |    70 |    66 ||   144
       Fireball          |       |       |       |       |    50 ||    50
       Repel Missiles    |       |       |       |       |     1 ||     1
 Abil: Spit Acid         |       |       |    15 |    17 |    15 ||    47
Evoke: Wand              |       |     2 |     2 |     6 |     5 ||    15
       Rod               |       |       |     2 |       |     4 ||     6
  Use: Scroll            |       |     7 |    14 |     4 |     3 ||    28
       Potion            |       |       |       |       |     1 ||     1
 Stab: Distracted        |       |       |     1 |       |       ||     1
       Sleeping          |       |       |       |     2 |       ||     2
